 Dungeon Crawl Stone Soup version 0.31.0-11-ge490571c62 (webtiles) character file.

Game seed: 10895386703056531884

155 qw the Skirmisher (level 5, 0/26 (29) HPs)
             Began as a Deep Elf Hunter on Feb 5, 2024.
             Slain by a hell rat (1 damage)
             ... in a sewer.
             The game lasted 00:01:08 (2095 turns).

qw the Skirmisher (Deep Elf Hunter)                 Turns: 2095, Time: 00:01:09

HP:   0/26 (29)     AC:  4    Str: 10    XL:     5   Next: 14%
MP:   0/7           EV: 12    Int: 14    God:
Gold: 192           SH:  0    Dex: 18    Spells: 4/4 levels left

rFire   . . .        a - +0 shortbow
rCold   . . .        (shield currently unavailable)
rNeg    + . .        c - +0 leather armour
rPois   .            (no helmet)
rElec   .            (no cloak)
rCorr   .            k - +0 pair of gloves
SInv    .            (no boots)
Will    .....        g - amulet of guardian spirit
Stlth   ++           d - ring of positive energy
HPRegen 0.24/turn    (no ring)
MPRegen 0.10/turn

%: guardian spirit
@: heavily drained
A: no striking features
a: no special abilities


You were in a sewer.
You visited 1 branch of the dungeon, and saw 3 of its levels.
You also visited: Sewer.

You collected 192 gold pieces.


   Skills:
 - Level 1.5 Fighting
 + Level 8.6 Ranged Weapons
 - Level 2.4 Dodging
 - Level 1.2 Stealth


You had 4 spell levels left.
You didn't know any spells.
Your spell library was empty.

Inventory:

Hand Weapons
 a - a +0 shortbow (weapon)
Armour
 c - a +0 leather armour (worn)
 k - a +0 pair of gloves (worn)
Jewellery
 d - a ring of positive energy (left hand)
 g - an amulet of guardian spirit (around neck)
Potions
 b - a potion of might
 f - a potion of brilliance {unknown}
 h - a potion of enlightenment

Dungeon Overview and Level Annotations

Branches:
Dungeon (3/15)              Sewer (1/1)

Altars:


Message History

You shoot an arrow. The arrow closely misses the rat.
The rat squeaks loudly.
You shoot an arrow. The arrow hits the rat.
You kill the rat!
You see here a rat corpse.
You enter the shallow water.
Moving in this stuff is going to be slow.
You open the door.
A hell rat comes into view.
Found four items.
Found a gate leading back out of this place.
You shoot an arrow.
The arrow hits the hell rat but does no damage.
The hell rat roars deafeningly!
You hear a loud squeak.
A river rat comes into view.
You shoot an arrow. The arrow closely misses the river rat.
The river rat squeaks loudly.
You shoot an arrow. The arrow closely misses the river rat.
You shoot an arrow. The arrow closely misses the hell rat.
A rat comes into view.
You shoot an arrow. The rat squeaks loudly.
The arrow hits the hell rat but does no damage.
The hell rat bites you.
You shoot an arrow. The arrow closely misses the hell rat.
The hell rat closely misses you. The river rat bites you.
The hell rat bites you! You partially resist.
You feel drained.
You shoot an arrow. The arrow hits the hell rat.
The hell rat is lightly wounded.
The river rat bites you but does no damage.
The hell rat barely misses you.
You shoot an arrow. The arrow barely misses the hell rat.
The hell rat misses you. The river rat misses you.
You shoot an arrow. The arrow closely misses the hell rat.
The hell rat bites you! You partially resist.
You feel drained.
The river rat bites you but does no damage.
You shoot an arrow. The arrow barely misses the hell rat.
The hell rat bites you.
You die...

#~.~~%\.~~~.###
.~.~~#####~~..~#
~~~###!\
###.~~##
~~##~?$! ##~~~#
. ~~.~~ #~~~#
~~~~ ##~.~# .
#~~ ###~~.##
.~~.##r##~.%.~#
#~.~~rr@.~~.###
###~..~~..###
#########


You could see a hell rat, a river rat and a rat.

Vanquished Creatures
  A bombardier beetle (D:3)
  6 river rats
  2 adders (D:3)
  2 ribbon worms (D:3)
  6 bats
  5 endoplasms
  3 giant cockroaches (D:1)
  A goblin (D:1)
  7 hobgoblins
  4 kobolds
  2 quokkas
  4 ball pythons
  3 frilled lizards
  9 rats
55 creatures vanquished.

Notes
Turn   | Place    | Note
-------+----------+-------------------------------------------
     0 | D:1      | qw the Deep Elf Hunter began the quest for the Orb.
     0 | D:1      | Reached XP level 1. HP: 12/12 MP: 3/3
     0 | D:1      | 0 ||| qw: Version: 0.3-a-160-g6735b56
     0 | D:1      | 0 ||| qw: Game counter: 6297
     0 | D:1      | 0 ||| qw: Melee chars always use a shield: true
     0 | D:1      | 0 ||| qw: God list: Okawaru
     0 | D:1      | 0 ||| qw: Allow faded altars: false
     0 | D:1      | 0 ||| qw: Do Orc after clearing Dungeon:15 true
     0 | D:1      | 0 ||| qw: Do second Lair branch before Depths: true
     0 | D:1      | 0 ||| qw: Lair rune preference: random
     0 | D:1      | 0 ||| qw: Goals: Normal
     0 | D:1      | 0 ||| PLANNING D:1-11
   274 | D:1      | Reached skill level 6 in Ranged Weapons
   274 | D:1      | Reached XP level 2. HP: 16/16 MP: 4/4
   677 | D:1      | 677 ||| UPGRADING to +0 pair of gloves.
   682 | D:1      | 682 ||| READING scroll labelled LIUPHIAHUT.
   683 | D:1      | 683 ||| READING 3 scrolls labelled EMMOB GITIS.
   712 | D:1      | 712 ||| READING scroll labelled ECIAGO ZUNU.
   713 | D:1      | 713 ||| DRINKING 3 glowing grey potions.
   714 | D:1      | 714 ||| DRINKING 2 pink potions.
   715 | D:1      | 715 ||| DROPPING scroll of butterflies.
   716 | D:1      | 716 ||| DROPPING 2 potions of attraction.
   717 | D:1      | 717 ||| DROPPING 2 scrolls of torment.
   975 | D:2      | Reached XP level 3. HP: 20/20 MP: 5/5
  1597 | D:2      | 1597 ||| UPGRADING to amulet of guardian spirit.
  1602 | D:2      | 1602 ||| UPGRADING to ring of positive energy.
  1603 | D:2      | 1603 ||| READING scroll labelled KATORUCK UXTO.
  1603 | D:2      | 1603 ||| IDENTIFYING black potion
  1604 | D:2      | 1604 ||| DRINKING 2 green potions.
  1620 | D:2      | 1620 ||| DROPPING potion of lignification.
  1629 | D:3      | 1629 ||| PLANNING SEWER
  1662 | D:3      | Reached skill level 7 in Ranged Weapons
  1685 | D:3      | Reached XP level 4. HP: 23/25 MP: 3/6
  1906 | D:3      | Reached skill level 8 in Ranged Weapons
  2030 | D:3      | Found a glowing drain.
  2038 | Sewer    | Entered a sewer
  2047 | Sewer    | Reached XP level 5. HP: 26/29 MP: 5/7
  2094 | Sewer    | HP: 2/27 [hell rat (8)]
  2095 | Sewer    | Slain by a hell rat

Levels and vault maps discovered:
D:1:      dpeg_arrival_long_road, layout_basic
D:2:      minmay_door_path, layout_loops_corners
D:3:      layout_loops_corners, mainiacjoe_overflow_six_doors_small,
          lightli_sewer_entry_pipes, minmay_pentomino_pile, uniq_natasha,
          uniq_ijyb, uniq_jessica
Sewer:    sewer_hellmonk_bad_rat

Skill      XL: |  1  2  3  4 |
---------------+-------------+-----
Ranged Weapons | 6 7 8 |  8.6
Fighting       | |  1.5
Dodging        | |  2.4
Stealth        | |  1.2

Action                     |  1- 3 |  4- 6 || total
---------------------------+-------+-------++-------
   Fire: Shortbow          |   103 |   101 ||   204
    Use: Scroll            |     4 |       ||     4
         Potion            |     3 |       ||     3
 Armour: Leather armour    |    12 |    39 ||    51
  Dodge: Dodged            |    20 |    46 ||    66

Table legend:
 A = Non-vault XP
 B = Vault XP
 C = Vault XP percentage of total XP
 D = Non-vault monster count
 E = Vault monster count
 F = Vault count percentage of total count
                 A         B        C        D         E       F
            +---------+---------+-------+---------+---------+-------
      Total |      97 |     125 |  56.3 |      36 |      19 |  34.5
            +---------+---------+-------+---------+---------+-------
        D:1 |      28 |       0 |   0.0 |      17 |       0 |   0.0
        D:2 |      20 |       2 |   9.1 |      13 |       1 |   7.1
        D:3 |      49 |      93 |  65.5 |       6 |      12 |  66.7
      Sewer |       0 |      30 | 100.0 |       0 |       6 | 100.0
            +---------+---------+-------+---------+---------+-------
